 Dungeon Crawl Stone Soup version 0.14-a0-3545-g7d9ef9c (webtiles) character file.

38085 Egon the Spry (level 13, -6/66 HPs)
             Began as a Felid Transmuter on Mar 27, 2014.
             Was the Champion of Nemelex Xobeh.
             Mangled by a soul eater (13 damage)
             ... in a wizard's laboratory on Mar 28, 2014.
             The game lasted 03:56:56 (45020 turns).

Egon the Spry (Felid Transmuter)                   Turns: 45020, Time: 03:56:56

HP  -6/66        AC  3     Str 19      XL: 13   Next: 57%
MP  16/29        EV 29     Int  8      God: Nemelex Xobeh [******]
Gold 780         SH  0     Dex 15      Spells:  2 memorised, 13 levels left
Lives: 0, deaths: 4

rFire  . . .     SeeInvis +       - Unarmed
rCold  + . .     Clarity  .     (armour unavailable)
rNeg   . . .     Conserve .     (shield unavailable)
rPois  +         rCorr    .     (helmet unavailable)
rElec  .         rRot     .     (cloak unavailable)
SustAb . .       Spirit   .     (gloves unavailable)
rMut   .         Warding  .     (boots unavailable)
Saprov . . .     Stasis   .     (no amulet)
MR     +....                    r - ring of poison resistance
                                k - ring of wizardry

@: blade paws (expiring), lethally poisoned, drained, quick, somewhat resistant
to hostile enchantments, extremely stealthy
A: paw claws, no armour, no weapons or thrown items, fangs 3, see invisible,
carnivore 3, deformed body, speed 1, shaggy fur 3, slow metabolism 1, jump 3
a: Jump Attack, End Transformation, Draw One, Peek at Two, Triple Draw, Deal
Four, Stack Five, Renounce Religion


You were in a wizard's laboratory.
You worshipped Nemelex Xobeh.
Nemelex Xobeh was exalted by your worship.
You were not hungry.
Your front paws were blades.
You visited 4 branches of the dungeon, and saw 21 of its levels.
You also visited: Sewer, Ice Cave and Wizlab.

You collected 2373 gold pieces.
You spent 1038 gold pieces at shops.

Inventory:

Magical devices
 c - a wand of slowing (10)
 f - a wand of slowing (10)
 m - a wand of draining (7)
 x - a wand of fire (5)
Comestibles
 a - 6 meat rations
 K - a beef jerky
 M - a cheese
Scrolls
 b - a scroll of summoning
 h - 2 scrolls of fear
 n - 3 scrolls of remove curse
 t - a scroll of fog
 U - a scroll of amnesia
Jewellery
 g - an uncursed ring of regeneration
 i - an uncursed ring of invisibility
 k - a ring of wizardry (left scythe-like blade)
 o - an uncursed ring of protection from fire
 r - a ring of poison resistance (right scythe-like blade)
 s - an uncursed ring of positive energy
 v - an uncursed ring of ice
Potions
 d - 2 potions of brilliance
 u - 2 potions of curing
 w - 2 potions of haste
 D - 3 potions of flight
 I - 3 potions of restore abilities
 S - 2 potions of magic {unknown}
Books
 H - a book of the Sky

   Spells                             Type                      Level
   Flight                             Charms/Air                   3
   Airstrike                          Air                          4
   Silence                            Hexes/Air                    5
   Deflect Missiles                   Charms/Air                   6
   Conjure Ball Lightning             Conjuration/Air              6
   Tornado                            Air                          9
Miscellaneous
 e - an ornate deck of escape {drawn: 5}
 j - a legendary deck of summonings {drawn: 5}
 l - a plain deck of war {Solitude, drawn: 2}
 p - a legendary deck of escape {drawn: 2}
 y - an ornate deck of escape {drawn: 8}
 A - a legendary deck of summonings {drawn: 5}
 B - a legendary deck of summonings {drawn: 2}
 F - an ornate deck of destruction {drawn: 2}
 G - an ornate deck of escape {drawn: 2}
 J - an ornate deck of escape {drawn: 1}
 L - an ornate deck of escape {drawn: 2}
 O - a legendary deck of destruction {drawn: 6}
 P - a sack of spiders
 T - an ornate deck of summonings {drawn: 2}
 V - an ornate deck of destruction {drawn: 1}


   Skills:
 + Level 13.3(12.7) Fighting
 + Level 15.6(15.0) Dodging
 + Level 13.5(12.9) Stealth
 + Level 13.0(12.4) Unarmed Combat
 - Level 3.7(3.2) Spellcasting
 - Level 9.0(8.5) Transmutations
 - Level 10.1(9.6) Evocations


You had 13 spell levels left.
You knew the following spells:

 Your Spells              Type           Power        Failure   Level  Hunger
a - Beastly Appendage     Trmt           ###...       6%          1    ##.....
b - Blade Hands           Trmt           ###.......   38%         5    ######.


Dungeon Overview and Level Annotations

Branches:
Dungeon (15/15)            Temple (1/1) D:6             Orc (4/4) D:10
    Elf (0/3) Orc:4          Lair (1/8) D:10         Vaults (0/5) D:13
 Depths: D:15

Altars:
Ashenzari
Cheibriados
Dithmenos
Elyvilon
Fedhas
Kikubaaqudgha
Makhleb
Nemelex Xobeh
Okawaru
Sif Muna
Trog
Vehumet
Xom
Yredelemnul
Zin
The Shining One
Beogh

Shops:
D:4 *   D:6 *   D:8 ?   D:12 *   D:13 [%(*   D:14 *   Orc:2 =   Orc:4 =}([(


Innate Abilities, Weirdness & Mutations

You cannot wear armour.
You are incapable of wielding weapons or throwing items.
((Your paws have sharp claws.))
You have razor-sharp teeth.
You have supernaturally acute eyesight.
You are carnivorous and can eat meat at any time.
You cover ground quickly.
Your thick and shaggy fur keeps you warm (AC +3, rC+).
You have a slow metabolism.
You can jump attack at a long distance.
Your body is misshapen.


Message History

You kill the green death!
You feel sick.
You hit the iron devil but do no damage.
You bite the iron devil, but do no damage.
The iron devil completely misses you. x2
You hit the soul eater but do no damage.
You feel sick.
You barely miss the soul eater. The soul eater hits you!
* * * LOW HITPOINT WARNING * * *
You feel drained.
* * * LOW HITPOINT WARNING * * *
The iron devil completely misses you. The iron devil misses you.
Unknown command.
Use which ability? (? or * to list) Draw from which deck? (? for menu, Esc to quit)
You draw a card...
It is Swap.
You swap places with the soul eater.
Your transformation is almost over.
The soul eater hits you!
You die...
Your body disappears without a glow.

#.......................#
#..#########.#########..#
##..## #...#.#...# #..#
####..###...'.'K..# #..#
.####..##...#K#5..##..#
...#.#..#####.#####..#
....#.#..## #5# ##..#.#
.....###..###.###..## ..
.....# ##..##.##@4## ...
......# ##..§...3## 3..
......# ##.§...## .
......# #.....# ......#
#..§..# ......# ##.....#
......# ##..###..#
#.....###§.## ##..#
##.....#..§# ...


You could see a soul eater and an iron devil.

Vanquished Creatures
  A storm dragon (D:14)
  An orc warlord (Orc:4)
  Gastronok (D:11)
  A balrug (WizLab)
  2 deep elf demonologists (WizLab)
  2 rakshasas (D:13)
  2 green deaths (WizLab)
  A blizzard demon (WizLab)
  The ghost of Herrn the Thaumaturge, a powerful VSNe of Cheibriados (D:14)
  The ghost of nht the Prestidigitator, a powerful TrTm of Nemelex Xobeh (D:13)
  An ogre mage (D:15)
  3 sun demons (WizLab)
  3 orc high priests (Orc:4)
  Nergalle (Orc:3)
  A soul eater (WizLab)
  2 centaur warriors
  An ice devil (IceCv)
  2 ice statues (IceCv)
  9 hill giants
  A necromancer (D:13)
  3 orc sorcerers
  A griffon (D:14)
  2 cyclopes
  2 octopodes
  3 orc knights
  An elephant (Orc:4)
  A manticore (D:14)
  A vapour (D:12)
  3 spiny frogs (Lair:1)
  A spiny frog (shapeshifter) (D:15)
  A kobold demonologist (WizLab)
  A komodo dragon (D:10)
  A hell beast (WizLab)
  A freezing wraith (D:14)
  2 red devils (WizLab)
  4 blue devils (IceCv)
  A giant firefly (WizLab)
  2 trolls
  Sonja (D:11)
  An iron devil (WizLab)
  3 blink frogs (Lair:1)
  A tengu conjurer (D:14)
  3 slime creatures (D:14)
  3 two-headed ogres
  A basilisk (D:14)
  A shadow (D:11)
  2 water elementals
  A vampire (D:13)
  8 ugly things
  A ynoxinul (WizLab)
  9 sharks
  3 yaks (Lair:1)
  2 wraiths
  A deep elf fighter (D:14)
  2 hill giant skeletons
  3 wargs
  A soldier ant (D:13)
  5 hippogriffs
  6 water moccasins
  2 porcupines (Lair:1)
  2 phantoms
  Purgy (Sewer)
  An ice beast (D:9)
  35 orc warriors
  6 sky beasts
  A black bear (D:12)
  A yellow wasp (D:13)
  5 giant goldfish
  7 centaurs
  13 ogres
  A komodo dragon zombie (D:12)
  2 crocodiles
  A brain worm (D:15)
  A big kobold (D:13)
  A giant slug (Lair:1)
  12 giant frogs
  6 scorpions
  2 eyes of draining
  An eye of draining (shapeshifter) (D:15)
  7 electric eels
  3 killer bees (D:10)
  3 jellies
  A goliath beetle (D:12)
  6 crimson imps
  A troll skeleton (D:12)
  A kobold zombie (D:12)
  8 hounds
  44 orc priests
  2 quasits
  49 orc wizards
  A kobold skeleton (D:12)
  A two-headed ogre skeleton (D:12)
  A basilisk skeleton (D:10)
  9 worker ants
  6 big fish
  3 iguanas
  10 sheep
  A sky beast zombie (D:5)
  An ogre skeleton (D:4)
  A hound zombie (D:10)
  4 green rats (Lair:1)
  14 adders
  3 orc skeletons
  2 giant mites
  13 white imps
  6 shadow imps
  5 worms
  4 ufetubi (IceCv)
  An iguana skeleton (D:4)
  5 giant eyeballs
  5 giant geckos
  2 oozes
  213 orcs
  6 ball pythons
  2 bat skeletons
  3 giant cockroaches
  19 hobgoblins
  7 quokkas
  21 bats
  3 giant newts
  2 giant spores
  16 goblins
  7 jackals
  A jackal zombie (D:3)
  22 kobolds
  10 rats
  13 ballistomycetes
  A butterfly (WizLab)
796 creatures vanquished.

Vanquished Creatures (collateral kills)
  A bone dragon (D:14)
  Fannar (D:10)
  A sun demon (WizLab)
  An ice devil (IceCv)
  A hell beast (WizLab)
  2 hill giants
  4 red wasps
  A gargoyle (D:10)
  2 blue devils (IceCv)
  A centaur skeleton (D:11)
  A giant firefly (WizLab)
  A merfolk (D:10)
  A two-headed ogre (D:15)
  A komodo dragon (Lair:1)
  3 slime creatures (D:10)
  A hydra skeleton (D:9)
  A hog (D:10)
  A hippogriff (D:8)
  Grum (D:10)
  8 ugly things
  8 vampire mosquitoes
  4 wolves (D:10)
  4 orc warriors
  A yellow wasp (D:11)
  An ice beast (D:5)
  3 ogres
  2 centaurs
  Blork the orc (Orc:1)
  An insubstantial wisp (D:10)
  A gnoll sergeant (D:5)
  A yak skeleton (D:7)
  A crimson imp (D:7)
  2 goliath beetles
  3 orc priests
  4 orc wizards
  2 big fish (D:10)
  An iguana (D:7)
  A sheep (Lair:1)
  An ogre skeleton (D:10)
  A mummy (D:10)
  5 green rats (Lair:1)
  5 gnolls (D:5)
  2 adders
  4 white imps (Orc:3)
  A worm (Lair:1)
  A giant gecko (D:4)
  25 orcs
  A bat skeleton (D:7)
  2 kobolds (D:13)
123 creatures vanquished.

Vanquished Creatures (others)
  A bone dragon (D:14)
  2 dancing weapons
  A very ugly thing (D:9)
  2 red wasps (Orc:1)
  9 giant fireflies
  An iron troll skeleton (WizLab)
  A merfolk (IceCv)
  A kobold demonologist (WizLab)
  2 grizzly bears (D:15)
  An ugly thing (WizLab)
  3 vampire mosquitoes
  A hippogriff (D:10)
  3 black bears
  8 yellow wasps
  A manticore skeleton (D:13)
  An electric eel (D:14)
  A hound (D:4)
  3 crimson imps
  2 quasits
  An iron imp (D:15)
  An orange rat (Orc:1)
  A gnoll (D:5)
  A shadow imp (D:14)
  4 white imps
  6 ufetubi
  2 orc skeletons
  2 orcs (Orc:4)
  A bat (Lair:1)
  A ball python skeleton (D:5)
  A giant spore (D:11)
  4 butterflies
  3 plants (D:10)
72 creatures vanquished.

Grand Total: 991 creatures vanquished

Notes
Turn   | Place    | Note
--------------------------------------------------------------
     0 | D:1      | Egon, the Felid Transmuter, began the quest for the Orb.
     0 | D:1      | Reached XP level 1. HP: 9/9 MP: 4/4
   546 | D:1      | Reached skill level 1 in Stealth
   546 | D:1      | Reached XP level 2. HP: 12/12 MP: 3/5
  1377 | D:1      | Reached XP level 3. HP: 16/16 MP: 6/8
  2356 | D:2      | Found a deep blue altar of Sif Muna.
  2645 | D:2      | Reached XP level 4. HP: 19/19 MP: 10/10
  3284 | D:2      | Found a deep blue altar of Sif Muna.
  4050 | D:3      | Found a glowing silver altar of Zin.
  4233 | D:3      | Reached skill level 4 in Dodging
  4242 | D:3      | Found a glowing drain.
  4283 | D:3      | Reached XP level 5. HP: 19/24 MP: 12/12
  4293 | Sewer    | Entered a sewer
  4518 | Sewer    | Noticed Purgy
  4828 | Sewer    | HP: 1/24 [Purgy (3)]
  4852 | Sewer    | Killed Purgy
  5095 | D:2      | Gained mutation: You are covered in thick fur (AC +2). [growing up]
  5095 | D:2      | Gained mutation: You can jump attack at a medium distance. [growing up]
  5095 | D:2      | Reached XP level 6. HP: 25/28 MP: 12/14
  6411 | D:3      | Found a glowing silver altar of Zin.
  6851 | D:4      | Found Dynuifae's General Store.
  6876 | D:4      | Reached skill level 5 in Dodging
  7760 | D:4      | Found a sparkling altar of Nemelex Xobeh.
  7907 | D:4      | Became a worshipper of Nemelex Xobeh
  7940 | D:4      | Received a gift from Nemelex Xobeh
  8125 | D:4      | Reached XP level 7. HP: 25/33 MP: 15/17
  8445 | D:3      | Acquired Nemelex Xobeh's first power
  8929 | D:1      | Received a gift from Nemelex Xobeh
  9128 | D:5      | Entered Level 5 of the Dungeon
  9218 | D:5      | Reached skill level 1 in Evocations
  9334 | D:5      | Acquired Nemelex Xobeh's second power
  9581 | D:5      | Received a gift from Nemelex Xobeh
  9719 | D:4      | Noticed an elephant
  9941 | D:5      | Found a snail-covered altar of Cheibriados.
  9959 | D:5      | Reached skill level 5 in Evocations
 10422 | D:6      | Acquired Nemelex Xobeh's third power
 10494 | D:6      | Reached skill level 6 in Evocations
 10621 | D:6      | Reached XP level 8. HP: 36/36 MP: 18/20
 10625 | D:6      | Found a staircase to the Ecumenical Temple.
 10636 | Temple   | Entered the Ecumenical Temple
 11049 | D:6      | Reached skill level 7 in Evocations
 11232 | D:6      | Found Wifusi's Assorted Antiques.
 11251 | D:6      | Bought a blue potion for 27 gold pieces
 11251 | D:6      | Bought a scroll labeled BEAVVU SMUSOUDER for 31 gold pieces
 11251 | D:6      | Bought a scroll labeled SMITRI HIASIFI for 31 gold pieces
 11251 | D:6      | Bought a scroll labeled CETO ZU PHYA for 31 gold pieces
 11251 | D:6      | Bought a scroll labeled THRORO RUOTWU for 31 gold pieces
 11251 | D:6      | Bought an inky potion for 27 gold pieces
 11251 | D:6      | Bought a scroll of identify for 62 gold pieces
 11551 | D:6      | Reached skill level 8 in Evocations
 11819 | D:6      | Found Wifusi's Assorted Antiques.
 11941 | D:6      | HP: 1/36 [orc warrior/flail (14)]
 12291 | D:6      | Found a staircase to the Ecumenical Temple.
 12366 | D:6      | Reached skill level 9 in Evocations
 12657 | D:6      | Found a staircase to the Ecumenical Temple.
 12819 | D:6      | Found Wifusi's Assorted Antiques.
 13063 | D:7      | Received a gift from Nemelex Xobeh
 13264 | D:7      | Reached skill level 10 in Evocations
 13943 | D:7      | Acquired Nemelex Xobeh's fourth power
 14039 | D:8      | Reached skill level 5 in Unarmed Combat
 14068 | D:8      | Received a gift from Nemelex Xobeh
 14497 | D:8      | Reached XP level 9. HP: 39/39 MP: 22/24
 14761 | D:8      | Reached skill level 5 in Fighting
 14832 | D:8      | Received a gift from Nemelex Xobeh
 14841 | D:8      | Reached skill level 5 in Stealth
 15431 | D:8      | Found Skeuwet's Magic Scroll Shop.
 15440 | D:8      | Bought a scroll of identify for 28 gold pieces
 15440 | D:8      | Bought a scroll of identify for 28 gold pieces
 16084 | D:9      | Noticed a skeletal warrior
 16088 | D:9      | Acquired Nemelex Xobeh's fifth power
 16088 | D:9      | Received a gift from Nemelex Xobeh
 16643 | D:10     | Entered Level 10 of the Dungeon
 16757 | D:10     | Noticed Grum
 16772 | D:10     | Killed Grum
 17091 | D:10     | Found a staircase to the Orcish Mines.
 17520 | D:10     | Found a staircase to the Lair.
 17630 | D:10     | Received a gift from Nemelex Xobeh
 17640 | D:10     | Noticed a hill giant
 17986 | D:10     | Killed a hill giant
 17986 | D:10     | Reached XP level 10. HP: 14/47 MP: 20/25
 18237 | D:10     | Noticed Fannar
 18719 | D:10     | Noticed a hill giant
 18724 | D:10     | Killed a hill giant
 18729 | D:10     | Received a gift from Nemelex Xobeh
 18893 | D:10     | Noticed a gargoyle
 18939 | D:10     | Noticed a hill giant
 19392 | D:10     | Received a gift from Nemelex Xobeh
 19408 | D:10     | Slain by a slime creature
 19409 | D:10     | Reached XP level 9. HP: 0/44 MP: 21/24
 19592 | D:10     | Killed Fannar
 19721 | D:10     | Found a staircase to the Orcish Mines.
 19882 | D:10     | Killed a gargoyle
 19889 | D:10     | Found a staircase to the Lair.
 19947 | D:10     | Killed a hill giant
 20095 | D:10     | Reached XP level 10. HP: 49/49 MP: 25/25
 20676 | Lair:1   | Entered Level 1 of the Lair of Beasts
 20909 | Lair:1   | Received a gift from Nemelex Xobeh
 21506 | Lair:1   | Received a gift from Nemelex Xobeh
 22891 | Lair:1   | Received a gift from Nemelex Xobeh
 23461 | Lair:1   | Reached XP level 11. HP: 51/54 MP: 27/27
 23473 | Lair:1   | Received a gift from Nemelex Xobeh
 25127 | D:11     | Noticed Sonja
 25127 | D:11     | Noticed a hill giant
 25133 | D:11     | Killed Sonja
 25149 | D:11     | Killed a hill giant
 25375 | D:11     | Noticed Gastronok
 25377 | D:11     | Received a gift from Nemelex Xobeh
 25377 | D:11     | Noticed a cyan very ugly thing
 25379 | D:11     | Noticed a hill giant
 25431 | Orc:1    | Entered Level 1 of the Orcish Mines
 25433 | Orc:1    | Reached skill level 10 in Fighting
 25434 | Orc:1    | XOM: swap monsters
 25632 | Orc:2    | Received a gift from Nemelex Xobeh
 26607 | Orc:1    | Received a gift from Nemelex Xobeh
 26637 | Orc:2    | Found Thros' Jewellery Shoppe.
 26843 | Orc:1    | Found a burning altar of Makhleb.
 26860 | Orc:2    | Received a gift from Nemelex Xobeh
 27099 | Orc:1    | Noticed Blork the orc
 27103 | Orc:1    | Killed Blork the orc
 27106 | Orc:1    | Slain by an orc warrior
 27107 | Orc:1    | Reached XP level 10. HP: -1/51 MP: 15/25
 27320 | Orc:2    | Received a gift from Nemelex Xobeh
 27371 | Orc:2    | Reached skill level 10 in Unarmed Combat
 27689 | Orc:1    | Received a gift from Nemelex Xobeh
 27740 | Orc:1    | Received a gift from Nemelex Xobeh
 28081 | Orc:1    | Received a gift from Nemelex Xobeh
 28552 | Orc:2    | Received a gift from Nemelex Xobeh
 28748 | Orc:3    | Found a frozen archway.
 28769 | IceCv    | Entered an ice cave
 29018 | IceCv    | Noticed an ice statue
 29018 | IceCv    | Noticed an ice statue
 29052 | IceCv    | Killed an ice statue
 29052 | IceCv    | Reached skill level 10 in Stealth
 29432 | IceCv    | Killed an ice statue
 29432 | IceCv    | Reached skill level 10 in Dodging
 30061 | IceCv    | Received a gift from Nemelex Xobeh
 30115 | IceCv    | Noticed an ice devil
 30117 | IceCv    | Killed an ice devil
 30117 | IceCv    | Reached XP level 11. HP: 49/55 MP: 22/27
 30167 | IceCv    | Noticed an ice devil
 30215 | IceCv    | Received a gift from Nemelex Xobeh
 30227 | IceCv    | Killed an ice devil
 30227 | IceCv    | Reached skill level 5 in Transmutations
 30556 | IceCv    | Your ally Blatasei died
 31289 | Orc:3    | Received a gift from Nemelex Xobeh
 31893 | Orc:3    | Noticed an orc knight
 31896 | Orc:3    | Killed an orc knight
 31897 | Orc:3    | Noticed an orc sorcerer
 31953 | Orc:3    | Received a gift from Nemelex Xobeh
 32123 | Orc:3    | Noticed Nergalle
 32124 | Orc:3    | Killed Nergalle
 32190 | Orc:3    | Killed an orc sorcerer
 32421 | Orc:3    | Received a gift from Nemelex Xobeh
 32789 | Lair:1   | Learned a level 5 spell: Blade Hands
 32954 | Orc:3    | Received a gift from Nemelex Xobeh
 33268 | Orc:2    | Received a gift from Nemelex Xobeh
 33375 | Orc:4    | Entered Level 4 of the Orcish Mines
 33419 | Orc:4    | Found Phaschuip's Gadget Shoppe.
 33881 | Orc:3    | Received a gift from Nemelex Xobeh
 34371 | Orc:4    | Found a roughly hewn altar of Beogh.
 34371 | Orc:4    | Found Ukhlirghi's Antique Weapon Shop.
 34873 | Orc:4    | Received a gift from Nemelex Xobeh
 35104 | Orc:4    | Found an iron altar of Okawaru.
 35118 | Orc:4    | Found a staircase to the Elven Halls.
 35212 | Orc:4    | Found a roughly hewn altar of Beogh.
 35251 | Orc:4    | Found a roughly hewn altar of Beogh.
 35257 | Orc:4    | Received a gift from Nemelex Xobeh
 35526 | Orc:4    | Received a gift from Nemelex Xobeh
 35593 | Orc:4    | Found a roughly hewn altar of Beogh.
 35603 | Orc:4    | Noticed an orc high priest
 35606 | Orc:4    | Noticed an ice devil
 35608 | Orc:4    | Found Qoumom's Jewellery Boutique.
 35610 | Orc:4    | Noticed an ice devil
 35611 | Orc:4    | Noticed an ice devil
 35613 | Orc:4    | Killed an orc high priest
 35619 | Orc:4    | Bought an uncursed ring of invisibility for 300 gold pieces
 35619 | Orc:4    | Bought an uncursed ring of regeneration for 300 gold pieces
 35821 | Orc:4    | Found a roughly hewn altar of Beogh.
 35966 | Orc:4    | Received a gift from Nemelex Xobeh
 35987 | Orc:4    | Noticed an orc high priest
 35996 | Orc:4    | Noticed a soul eater
 36265 | Orc:4    | Killed an orc high priest
 36265 | Orc:4    | Reached skill level 11 in Dodging
 36265 | Orc:4    | Gained mutation: Your thick and shaggy fur keeps you warm (AC +3, rC+). [growing up]
 36265 | Orc:4    | Gained mutation: You can jump attack at a long distance. [growing up]
 36265 | Orc:4    | Reached XP level 12. HP: 43/59 MP: 16/28
 36316 | Orc:3    | Received a gift from Nemelex Xobeh
 36440 | Orc:4    | Noticed an orc warlord
 36670 | Orc:4    | Received a gift from Nemelex Xobeh
 36698 | Orc:4    | Received a gift from Nemelex Xobeh
 36739 | Orc:4    | Found Esoul's Antique Armour Shop.
 36739 | Orc:4    | Found a roughly hewn altar of Beogh.
 36743 | Orc:4    | Killed an orc warlord
 36743 | Orc:4    | Reached skill level 12 in Dodging
 36769 | Orc:4    | Found Oniemn's Antique Weapon Boutique.
 36905 | Orc:4    | Found a roughly hewn altar of Beogh.
 36916 | Orc:4    | Noticed an orc high priest
 36925 | Orc:4    | Killed an orc high priest
 36941 | Orc:4    | Found a roughly hewn altar of Beogh.
 36979 | Orc:4    | Received a gift from Nemelex Xobeh
 37612 | D:11     | Reached skill level 13 in Dodging
 37612 | D:11     | Reached XP level 13. HP: 61/64 MP: 26/29
 37614 | D:11     | Shuffle card: Str 19[19], Int 8[8], Dex 15[15]
 37614 | D:11     | Received a gift from Nemelex Xobeh
 37867 | D:11     | Noticed a hill giant
 37874 | D:11     | Killed a hill giant
 38194 | D:11     | Killed a hill giant
 38338 | D:11     | Received a gift from Nemelex Xobeh
 38339 | D:11     | Killed Gastronok
 38339 | D:11     | Reached skill level 14 in Dodging
 39431 | D:12     | Received a gift from Nemelex Xobeh
 39431 | D:12     | Slain by a komodo dragon zombie
 39432 | D:12     | Reached XP level 12. HP: -2/61 MP: 14/28
 39586 | D:12     | Found Phuorary's General Store.
 39589 | D:12     | Bought a potion of heal wounds for 42 gold pieces
 39589 | D:12     | Bought a potion of flight for 42 gold pieces
 39997 | D:12     | Received a gift from Nemelex Xobeh
 40008 | D:12     | Received a gift from Nemelex Xobeh
 40372 | D:12     | Found a shadowy altar of Dithmenos.
 40674 | D:13     | Noticed nht's ghost (powerful TrTm)
 40693 | D:13     | Killed nht's ghost
 40809 | D:13     | Upgraded the game from 0.14-a0-3520-g290746a to 0.14-a0-3545-g7d9ef9c
 40936 | D:13     | Found a gate to the Vaults.
 40943 | D:13     | Reached XP level 13. HP: 65/65 MP: 29/29
 41029 | D:13     | Received a gift from Nemelex Xobeh
 41047 | D:13     | Noticed a rakshasa
 41066 | D:13     | Killed a rakshasa
 41071 | D:13     | Killed a rakshasa
 41229 | D:13     | Found Gretatee's Antique Armour Boutique.
 41264 | D:13     | Found Striolog's Food Shoppe.
 41354 | D:13     | Found Cihet's General Store.
 41515 | D:13     | Found Gonefruu's Antique Weapon Boutique.
 41611 | D:13     | Paralysed by a giant eyeball for 2 turns
 42169 | D:14     | Gained mutation: Your body is misshapen. [mutagenic glow]
 42192 | D:14     | Found Ladim's Assorted Antiques.
 42198 | D:14     | Bought 2 scrolls labeled LAOLUI WURAB for 58 gold pieces
 42269 | D:14     | Received a gift from Nemelex Xobeh
 42358 | D:14     | Killed themself with a badly aimed orb of electricity
 42359 | D:14     | Reached XP level 12. HP: -40/61 MP: 15/28
 42490 | D:14     | Noticed Herrn's ghost (powerful VSNe)
 42501 | D:14     | Killed Herrn's ghost
 42518 | D:14     | Noticed a bone dragon
 42560 | D:14     | Received a gift from Nemelex Xobeh
 42595 | D:14     | Killed a bone dragon
 42739 | D:14     | Noticed a storm dragon
 42754 | D:14     | Killed a storm dragon
 42754 | D:14     | Reached skill level 15 in Dodging
 42902 | D:14     | HP: 2/61 [electric eel/bolt of electricity (11)]
 43597 | D:15     | Entered Level 15 of the Dungeon
 43668 | D:15     | Noticed an ogre mage
 43677 | D:15     | Reached XP level 13. HP: 63/66 MP: 23/29
 43681 | D:15     | Killed an ogre mage
 43712 | D:15     | Received a gift from Nemelex Xobeh
 43740 | D:15     | Received a gift from Nemelex Xobeh
 43995 | D:15     | Found a magical portal.
 43998 | WizLab   | Entered a wizard's laboratory
 44030 | WizLab   | Noticed a deep elf demonologist
 44046 | WizLab   | Noticed a Shadow Fiend
 44046 | WizLab   | Killed a deep elf demonologist
 44048 | WizLab   | Received a gift from Nemelex Xobeh
 44131 | WizLab   | Received a gift from Nemelex Xobeh
 44155 | WizLab   | Received a gift from Nemelex Xobeh
 44370 | WizLab   | Noticed a balrug
 44386 | WizLab   | Killed a balrug
 44433 | WizLab   | Received a gift from Nemelex Xobeh
 44470 | WizLab   | Noticed a deep elf demonologist
 44473 | WizLab   | Killed a deep elf demonologist
 45020 | WizLab   | Mangled by a soul eater

Action                   |  1- 3 |  4- 6 |  7- 9 | 10-12 | 13-15 || total
-------------------------+-------+-------+-------+-------+-------++-------
Melee: Unarmed           |    89 |   251 |   460 |  1255 |   215 ||  2270
 Cast: Beastly Appendage |    25 |    55 |    74 |   110 |     1 ||   265
       Blade Hands       |       |       |       |    65 |    29 ||    94
Invok: Draw One          |       |       |    70 |   219 |    83 ||   372
       Triple Draw       |       |       |       |     4 |     3 ||     7
 Abil: Jump Attack       |     4 |    10 |     7 |    32 |     5 ||    58
       End Transformatio |       |       |     1 |       |     1 ||     2
       Evoke Invisibilit |       |       |       |    11 |     8 ||    19
Evoke: Deck              |       |     6 |       |       |       ||     6
       Wand              |       |       |    14 |    13 |     2 ||    29
  Use: Potion            |       |     2 |       |     5 |     2 ||     9
       Scroll            |       |       |    14 |     7 |     7 ||    28
 Stab: Sleeping          |     6 |     8 |     8 |    24 |     8 ||    54
       Distracted        |       |       |     3 |     2 |     2 ||     7
       Paralysed         |       |       |     3 |       |       ||     3
       Invisible         |       |       |     1 |    27 |     4 ||    32
       Fleeing           |       |       |       |     1 |       ||     1
       Petrifying        |       |       |       |     1 |       ||     1
